 Dungeon Crawl Stone Soup version 0.23-a0-629-gae4348f (webtiles) character file.

1080 Matador8 the Covert (level 8, -6/52 HPs)
             Began as a Vampire Enchanter on Dec 26, 2018.
             Was a Follower of Uskayaw.
             Mangled by Crazy Yiuf
             ... wielding a +4 quarterstaff of chaos
              (16 damage)
             ... while paralysed by Crazy Yiuf
             ... on level 5 of the Dungeon.
             The game lasted 00:50:21 (7466 turns).

Matador8 the Covert (Vampire Enchanter)             Turns: 7466, Time: 00:50:21

Health: -6/52      AC:  0    Str:  9    XL:     8   Next: 8%
Magic:  0/11       EV:  5    Int: 18    God:    Uskayaw [*.....]
Gold:   422        SH:  0    Dex: 19    Spells: 2/11 levels left

rFire    . . .     SeeInvis +   (weapon currently unavailable)
rCold    + . .     Gourm    .   (shield currently unavailable)
rNeg     + + .     Faith    .   (armour currently unavailable)
rPois    +         Spirit   .   (helmet currently unavailable)
rElec    .         Reflect  .   (cloak currently unavailable)
rCorr    .         Harm     .   (gloves currently unavailable)
MR       .....                  (boots currently unavailable)
Stlth    ++++++....             (no amulet)
HPRegen  0.08/turn              (ring currently unavailable)
MPRegen  0.12/turn              (ring currently unavailable)

@: paralysed, bat-form, flying, regenerating slowly, slowed, very quick
A: tiny, fangs 3, see invisible
a: End Transformation, Stomp, Renounce Religion


You were on level 5 of the Dungeon.
You worshipped Uskayaw.
Uskayaw was noncommittal.
You were near bloodless.
You were in vampire-bat-form.
You visited 1 branch of the dungeon, and saw 5 of its levels.

You collected 422 gold pieces.

Inventory:

Hand Weapons
 a - a +1 dagger (melded)
 r - a +0 longbow
 C - a +0 blowgun
Missiles
 D - 6 curare-tipped needles
 I - a throwing net (quivered)
Armour
 k - a +0 pair of gloves (melded)
 o - a +0 pair of boots (melded)
 p - a +0 helmet (melded)
 z - a +3 ring mail (melded)
 G - the +2 robe of the Realm of Zot {rF+ Int+4}
   (You found it on level 4 of the Dungeon)

   It affects your intelligence (+4).
   It protects you from fire.
Wands
 A - a wand of random effects (15)
Scrolls
 e - 3 scrolls of teleportation {unknown}
 f - a scroll of enchant armour {unknown}
 i - 10 scrolls of identify
 j - a scroll of blinking {unknown}
 s - a scroll of fear {unknown}
 v - 5 scrolls of remove curse
 w - 2 scrolls of magic mapping {unknown}
Potions
 c - a potion of invisibility {unknown}
 d - 12 potions of blood
 g - a potion of degeneration {unknown}
 h - a potion of mutation {unknown}
 l - a potion of brilliance {unknown}
 n - 6 potions of curing {unknown}
 q - a potion of resistance {unknown}
 u - a potion of haste {unknown}
 x - a potion of cancellation {unknown}
 B - a potion of lignification {unknown}
 H - a potion of agility {unknown}


   Skills:
 - Level 5.6 Short Blades
 - Level 2.1 Dodging
 + Level 9.4 Stealth
 - Level 2.0 Spellcasting
 + Level 8.8 Hexes
 + Level 1.9 Invocations


You had 2 spell levels left.
You knew the following spells:

 Your Spells              Type           Power        Failure   Level  Hunger
a - Corona                Hex            ####...      1%          1    #......
b - Ensorcelled Hibernat  Hex/Ice        ###...       4%          2    ###....
c - Tukima's Dance        Hex            ####....     1%          3    ###....
d - Confuse               Hex            ####....     1%          3    ###....

Your spell library contained the following spells:

 Spells                   Type           Power        Failure   Level  Hunger
 Dazzling Spray           Conj/Hex       ###...       9%          3    ###....


Dungeon Overview and Level Annotations

Branches:
Dungeon (5/15)
 Temple: D:4-7

Altars:
Ashenzari
Gozag
Uskayaw
Vehumet

Shops:
D:4 =**=

Annotations:
D:3 Grinder
D:4 2 transporters
D:5 Crazy Yiuf


Innate Abilities, Weirdness & Mutations

You heal slowly.
You have razor-sharp teeth.
You have supernaturally acute eyesight. (SInv)
((You can survive without breathing.))


Message History

* * * LOW HITPOINT WARNING * * *
There is an open door here.
You feel much better.
Crazy Yiuf grits, "Candle dark unthinkable!"
Crazy Yiuf hits you with a +4 quarterstaff of chaos.
You feel yourself slow down.
Crazy Yiuf hits you with a +4 quarterstaff of chaos.
Okay, then.
Crazy Yiuf hits you but does no damage.
You turn into a vampire bat.
Your +1 dagger melds into your body.
Your +0 helmet melds into your body.
Your +0 pair of gloves melds into your body.
Your +0 pair of boots melds into your body.
Your +3 ring mail melds into your body.
Crazy Yiuf hits you with a +4 quarterstaff of chaos.
You suddenly lose the ability to move!
Crazy Yiuf completely misses you.
Crazy Yiuf hits you with a +4 quarterstaff of chaos!
* * * LOW HITPOINT WARNING * * *
You are electrocuted!
You die...

##### ..#
########...##....
##...........#....
##...#####......##$
#..b.# #..........
#..g.# ##.........
#..PP# #.....###..
#.PP## ##......#..
##.## ###........
#.## #...##..####
##.# #........##.
#.## #.##....#...
##.# #.#....[#...


You could see Crazy Yiuf.

Vanquished Creatures
  An ogre (D:4)
  A big kobold (D:3)
  A bullfrog (D:4)
  2 scorpions
  A howler monkey (D:5)
  A crimson imp (D:5)
  2 orc wizards
  3 hounds
  Ijyb (D:3)
  Natasha (thrice) (D:3)
  An iguana (D:5)
  3 worker ants
  A worker ant zombie (D:5)
  12 gnolls (D:3)
  6 adders
  An ooze (D:4)
  3 worms
  2 dart slugs
  2 leopard geckos
  11 orcs
  8 giant cockroaches
  31 goblins
  28 hobgoblins
  2 jackals (D:3)
  11 kobolds
  5 quokkas
  A ball python (D:1)
  9 bats
  3 frilled lizards
  16 rats
172 creatures vanquished.

Notes
Turn   | Place    | Note
-------+----------+-------------------------------------------
     0 | D:1      | Matador8 the Vampire Enchanter began the quest for the Orb.
     0 | D:1      | Reached XP level 1. HP: 13/13 MP: 3/3
   195 | D:1      | Reached XP level 2. HP: 19/19 MP: 5/5
   199 | D:1      | Learned a level 2 spell: Ensorcelled Hibernation
   695 | D:1      | Reached skill level 5 in Stealth
   909 | D:2      | Found a hide-covered altar of Uskayaw.
   950 | D:1      | Reached skill level 5 in Hexes
  1341 | D:1      | Reached XP level 3. HP: 19/24 MP: 3/6
  1438 | D:2      | Became a worshipper of Uskayaw the Reveler
  1457 | D:2      | Found a radiant altar of Vehumet.
  1480 | D:2      | Reached * piety under Uskayaw
  1501 | D:2      | Noticed a scorpion
  2097 | D:2      | Reached ** piety under Uskayaw
  2476 | D:1      | Reached XP level 4. HP: 15/30 MP: 0/7
  2726 | D:2      | Reached skill level 6 in Stealth
  3125 | D:3      | Reached XP level 5. HP: 35/35 MP: 8/8
  3218 | D:3      | Noticed Grinder
  3822 | D:3      | Noticed Ijyb
  3837 | D:3      | Killed Ijyb
  3853 | D:3      | Reached *** piety under Uskayaw
  4003 | D:3      | Noticed Natasha
  4040 | D:3      | Killed Natasha
  4204 | D:3      | Noticed Natasha
  4218 | D:3      | Killed Natasha
  4218 | D:3      | Reached XP level 6. HP: 41/41 MP: 4/9
  4825 | D:3      | Reached skill level 7 in Stealth
  5094 | D:3      | Noticed Natasha
  5100 | D:3      | Killed Natasha
  5177 | D:3      | Reached skill level 5 in Short Blades
  5204 | D:3      | Reached XP level 7. HP: 39/46 MP: 1/10
  5725 | D:4      | Found a transporter.
  5776 | D:4      | Found a transporter.
  5852 | D:4      | Found Cuij Qoa's Assorted Antiques.
  5852 | D:4      | Found Dison's Jewellery Emporium.
  5864 | D:4      | Found Rachiac's General Store.
  5866 | D:4      | Found Esutaqyt's Jewellery Emporium.
  5868 | D:4      | Reached skill level 8 in Stealth
  5919 | D:4      | Learned a level 3 spell: Tukima's Dance
  6326 | D:4      | Got an ominously black robe
  6830 | D:4      | Learned a level 3 spell: Confuse
  6852 | D:4      | Identified the +2 robe of the Realm of Zot {rF+ Int+4} (You
                  | found it on level 4 of the Dungeon)
  6878 | D:5      | Entered Level 5 of the Dungeon
  6891 | D:5      | Reached skill level 1 in Invocations
  6961 | D:5      | Reached skill level 9 in Stealth
  6993 | D:5      | Found a shattered altar of Ashenzari.
  7223 | D:5      | Reached XP level 8. HP: 40/52 MP: 8/11
  7378 | D:5      | Found an opulent altar of Gozag.
  7438 | D:5      | Found a runed door.
  7442 | D:5      | Noticed Crazy Yiuf
  7464 | D:5      | Paralysed by Crazy Yiuf for 5 turns
  7466 | D:5      | Mangled by Crazy Yiuf

Vault maps used:
D:1:      minmay_arrival_cross, serial_bayou_crossing
D:2:      eat_drink_and_be_merry_uskayaw, vehumet_crystals,
          minmay_pentomino_pile
D:3:      minmay_goblin_kobold_castle, nicolae_ru_the_path_less_chosen,
          chequers_serial_rivers_small_a, glass_columns_c, uniq_ijyb,
          uniq_natasha, uniq_grinder
D:4:      gammafunk_wand_slinger, kennysheep_cluttered_room,
          minmay_shop_grid_forest, minmay_distorted
D:5:      evilmike_ruin_ashenzari, nicolae_gozag_seed_capital, first_ration,
          uniq_crazy_yiuf_cottage

Skill      XL: |  1  2  3  4  5  6  7 |
---------------+----------------------+-----
Stealth        | 5 6 7 9 |  9.4
Short Blades   | 2 3 4 5 |  5.6
Hexes          | 5 6 7 8 |  8.8
Invocations    | 1 |  1.9
Dodging        | |  2.1
Spellcasting   | |  2.0

Action                   |  1- 3 |  4- 6 |  7- 9 || total
-------------------------+-------+-------+-------++-------
Melee: Dagger            |   116 |   331 |   163 ||   610
       Bite              |     8 |    14 |    17 ||    39
 Cast: Corona            |    31 |    49 |     9 ||    89
       Ensorcelled Hiber |    16 |    47 |     7 ||    70
       Confuse           |       |       |    12 ||    12
Invok: Line Pass         |       |     1 |       ||     1
 Abil: Bat Form          |     4 |       |     1 ||     5
       End Transformatio |     4 |       |       ||     4
  Use: Potion            |     4 |     4 |     5 ||    13
       Scroll            |       |       |     2 ||     2
 Stab: Sleeping          |    16 |    39 |     9 ||    64
       Paralysed         |       |     2 |     2 ||     4
       Confused          |       |     1 |     8 ||     9
       Distracted        |       |     1 |     3 ||     4
  Eat: Corpse            |     4 |     1 |     2 ||     7
Armor: Robe              |    46 |    76 |     6 ||   128
       Leather armour    |       |       |     9 ||     9
       Ring mail         |       |       |    25 ||    25
Dodge: Dodged            |   150 |   190 |    55 ||   395

Table legend:
 A = Non-vault XP
 B = Vault XP
 C = Vault XP percentage of total XP
 D = Non-vault monster count
 E = Vault monster count
 F = Vault count percentage of total count
                 A         B        C        D         E       F
            +---------+---------+-------+---------+---------+-------
      Total |    1002 |     542 |  35.1 |     102 |      70 |  40.7
            +---------+---------+-------+---------+---------+-------
        D:1 |      64 |       2 |   3.0 |      26 |       1 |   3.7
        D:2 |     111 |      18 |  14.0 |      20 |       4 |  16.7
        D:3 |     141 |     430 |  75.3 |      29 |      62 |  68.1
        D:4 |     409 |      92 |  18.4 |      18 |       3 |  14.3
        D:5 |     277 |       0 |   0.0 |       9 |       0 |   0.0
            +---------+---------+-------+---------+---------+-------
